 Dungeon Crawl Stone Soup version 0.31-a0-836-g3ceb0a68c4 (webtiles) character file.

Game seed: 14318826924820803428

93 demibob the Poker (level 4, 0/38 HPs)
             Began as a Draconian Chaos Knight on Sept 26, 2023.
             Was a Plaything of Xom.
             Slain by a raiju (shapeshifter) (4 damage)
             ... on level 2 of the Dungeon.
             The game lasted 00:01:58 (1088 turns).

demibob the Poker (Draconian Chaos Knight)          Turns: 1088, Time: 00:01:59

Health: 0/38       AC:  5    Str: 14    XL:     4   Next: 37%
Magic:  4/4        EV: 12    Int: 13    God:    Xom [...*..]
Gold:   36         SH:  0    Dex: 12    Spells: 3/3 levels left

rFire   . . .        a - +0 spear (chaos)
rCold   . . .        (no shield)
rNeg    . . .        (body armour unavailable)
rPois   .            (helmet restricted)
rElec   .            (no cloak)
rCorr   .            (no gloves)
SInv    .            (no boots)
Will    .....        (no amulet)
Stlth   +            (no ring)
HPRegen 0.26/turn    (no ring)
MPRegen 0.09/turn

%: no passive effects
@: attractive, invisible
A: AC +5, unfitting armour, cold-blooded
a: Renounce Religion


You were on level 2 of the Dungeon.
You worshipped Xom.
You were a favourite toy of Xom.
You visited 1 branch of the dungeon, and saw 2 of its levels.

You collected 36 gold pieces.


Innate Abilities, Weirdness & Mutations

Your plain brown scales are hard. (AC +5)
You cannot fit into any form of body armour.
You are cold-blooded and may be slowed by cold attacks.


   Skills:
 - Level 3.2 Fighting
 + Level 5.2 Polearms
 - Level 2.1 Dodging


You had 3 spell levels left.
You didn't know any spells.
Your spell library contained the following spells:

 Spells                   Type           Power      Damage    Failure   Level
 Shock                    Conj/Air       0%         1d3       30%         1
 Swiftness                Air            0%         N/A       67%         3
 Airstrike                Air            0%         2d(0-16)  97%         4

Inventory:

Hand Weapons
 a - a +0 spear of chaos (weapon)
Missiles
 h - 3 atropa-tipped darts
Jewellery
 k - an amulet of regeneration
Scrolls
 e - a scroll of identify {unknown}
 f - a scroll of fog {unknown}
 g - a scroll of blinking
 j - a scroll of immolation {unknown}

Dungeon Overview and Level Annotations

Branches:
Dungeon (2/15)

Altars:

......#.........###.#
........▒▒▒▒▒▒▒..##.#
.......▒▒▒$⌠$▒▒▒.##.#
.......▒▒.....▒▒.##.#
.....#.▒..o..oo▒.##.#
######.▒.▒...▒.▒.##.#
#.▒...oo.o▒.##.##########
#.▒.......▒h##..........#
#.▒.... ..▒@##.########.#
▒.▒...▒.▒o##.# #.#
▒.......▒o##.# #.#
.......†S.##.# #.#
###...######.# #.#
##......##.### #.# .# #.
#.......# #.# #.# #.
#.......######.# #.# #
#.......#......#


You could see a raiju shaped shifter (strong, very poisoned), 2 orcs and a ball
python (wandering, unable to see you).


Message History

The raiju is moderately wounded.
The raiju bites you.
* * * LOW HITPOINT WARNING * * *
The raiju shocks you!
* * * LOW HITPOINT WARNING * * *
The orc hits you with a +0 club.
* * * LOW HITPOINT WARNING * * *
You bump into the stone wall.
The ball python hisses angrily.
The raiju barely misses you. The orc hits you but does no damage.
You bump into the rock wall.
The raiju bites you but does no damage. The orc closely misses you.
You miss the raiju.
Your tail-slap misses the raiju.
The raiju is lightly wounded.
You feel less confused.
The ball python hisses angrily.
The raiju barely misses you. The orc completely misses you.
You hit the raiju but do no damage.
The raiju easily resists.
You tail-slap the raiju, but do no damage.
The raiju is lightly wounded.
The raiju barely misses you. The orc closely misses you.
You miss the raiju.
The raiju is lightly wounded.
The raiju bites you but does no damage. The orc barely misses you.
The ball python hisses angrily.
You hit the raiju.
The raiju is poisoned.
Your tail-slap misses the raiju.
The raiju is moderately wounded.
The raiju bites you.
You die...
Xom guffaws!

Skill      XL: |  1  2  3 |
---------------+----------+-----
Polearms       | 4 5 |  5.2
Fighting       | |  3.2
Dodging        | |  2.1

Action                     |  1- 3 |  4- 6 || total
---------------------------+-------+-------++-------
  Melee: Spear             |   109 |    29 ||   138
         Tailslap          |    10 |     4 ||    14
         Punch             |     2 |       ||     2
    Use: Scroll            |     5 |     1 ||     6
         Potion            |       |     3 ||     3
   Stab: Paralysed         |     2 |       ||     2
         Invisible         |       |     1 ||     1
 Armour: Skin              |    36 |    14 ||    50
  Dodge: Dodged            |    38 |    13 ||    51

Levels and vault maps discovered:
D:1:      dpeg_arrival_long_road, layout_rooms, st_stairs_6
D:2:      cheibrodos_pilgrimage, layout_basic, uniq_natasha

Notes
Turn   | Place    | Note
-------+----------+-------------------------------------------
     0 | D:1      | demibob the Draconian Chaos Knight began the quest for the
                  | Orb.
     0 | D:1      | Reached XP level 1. HP: 19/19 MP: 1/1
    10 | D:1      | XOM: silly message
   101 | D:1      | Reached XP level 2. HP: 20/26 MP: 2/2
   226 | D:1      | XOM: silly message
   236 | D:1      | XOM: silly message
   237 | D:1      | Reached skill level 4 in Polearms
   362 | D:1      | Reached XP level 3. HP: 31/31 MP: 3/3
   775 | D:2      | XOM: divination: detect creatures
   878 | D:2      | Noticed Natasha
   891 | D:2      | Killed Natasha
  1039 | D:2      | Reached skill level 5 in Polearms
  1039 | D:2      | Reached XP level 4. HP: 38/38 MP: 4/4
  1067 | D:2      | an orc wizard changed into a shapeshifter
  1067 | D:2      | Noticed a shapeshifter (shapeshifter)
  1067 | D:2      | a shapeshifter changed into a human
  1067 | D:2      | Noticed a human (shapeshifter)
  1068 | D:2      | XOM: destruction
  1070 | D:2      | a human changed into a raiju
  1070 | D:2      | Noticed a raiju (shapeshifter)
  1078 | D:2      | XOM: confusion
  1082 | D:2      | HP: 3/38 [orc/+0 club (1)]
  1088 | D:2      | Slain by a raiju (shapeshifter)

Vanquished Creatures
  Natasha (D:2)
  An orc wizard (D:2)
  A worm (D:2)
  A dart slug (D:2)
  An orc (D:2)
  2 ball pythons (D:1)
  6 bats
  3 endoplasms (D:1)
  2 giant cockroaches (D:1)
  7 hobgoblins
  2 quokkas (D:1)
  4 frilled lizards
  2 kobolds (D:1)
  A rat (D:1)
34 creatures vanquished.

Vanquished Creatures (others)
  An orc (D:2)
1 creature vanquished.

Grand Total: 35 creatures vanquished

Table legend: (Time is in decaauts)
 A = Elapsed time spent in this place.
 B = Non-inter-level travel time spent in this place.
 C = Inter-level travel time spent in this place.
 D = Time resting spent in this place.
 E = Time spent auto-exploring this place.
 F = Levels seen in this place.
 G = Mean time per level.
                   A        B        C        D        E       F      G
               +--------+--------+--------+--------+--------+-----+--------+
         Total |   1072 |   1061 |     11 |     41 |    766 |   2 |  536.0 |
       Dungeon |   1072 |   1061 |     11 |     41 |    766 |   2 |  536.0 |
               +--------+--------+--------+--------+--------+-----+--------+

Top non-repeatable levels by time:
     D:1: 562 daAuts
     D:2: 510 daAuts

Table legend:
 A = Non-vault XP
 B = Vault XP
 C = Vault XP percentage of total XP
 D = Non-vault monster count
 E = Vault monster count
 F = Vault count percentage of total count
                 A         B        C        D         E       F
            +---------+---------+-------+---------+---------+-------
      Total |      55 |      79 |  59.0 |      29 |       6 |  17.1
            +---------+---------+-------+---------+---------+-------
        D:1 |      42 |       4 |   8.7 |      24 |       2 |   7.7
        D:2 |      13 |      75 |  85.2 |       5 |       4 |  44.4
            +---------+---------+-------+---------+---------+-------
